 Dungeon Crawl Stone Soup version 0.28-a0-384-g9e0c098162 (webtiles) character file.

Game seed: 17368408091665307161

1005 robertstho the Magician (level 8, -10/56 HPs)
             Began as a Djinni Fire Elementalist on Sept 2, 2021.
             Mangled by a yak (15 damage)
             ... on level 5 of the Dungeon.
             The game lasted 00:08:38 (6538 turns).

robertstho the Magician (Djinni Fire Elementalist)  Turns: 6538, Time: 00:08:39

Health: -10/56     AC:  5    Str:  4 (7)  XL:     8   Next: 44%
Gold:   206        EV: 12    Int: 16 (19) God:
                   SH:  0    Dex: 13 (14)

rFire   + + .      SeeInvis .   f - +4 short sword
rCold   x . .      Faith    .   (no shield)
rNeg    + . .      Spirit   .   a - +0 robe
rPois   ∞          Reflect  .   u - +2 hat
rElec   .          Harm     .   d - +0 cloak
rCorr   .          Rampage  .   (no gloves)
Will    .....                   (boots unavailable)
Stlth   ++........              (no amulet)
HPRegen 0.18/turn               o - ring of positive energy
MPRegen 0.00/turn               (no ring)

@: brilliant, flying, hasted, very quick
A: sickness immunity, fire resistance 2, cold vulnerability 1, float, innate
caster, hp casting, extra vitality 1
a: no special abilities


You were on level 5 of the Dungeon.
You visited 1 branch of the dungeon, and saw 5 of its levels.

You collected 206 gold pieces.

Inventory:

Hand Weapons
 b - a +0 dagger
 f - a +4 short sword (weapon)
Missiles
 i - a throwing net
Armour
 a - a +0 robe (worn)
 d - a +0 cloak (worn)
 u - a +2 hat (worn)
Jewellery
 o - a ring of positive energy (left hand)
Scrolls
 j - a scroll of brand weapon {unknown}
 k - a scroll of enchant weapon
 l - 3 scrolls of teleportation
Potions
 c - 2 potions of degeneration
 h - a potion of attraction
 p - a potion of lignification {unknown}
 t - a potion of flight


   Skills:
 * Level 3.0 Fighting
 + Level 0.6 Short Blades
 + Level 2.4 Dodging
 + Level 2.0 Stealth
 * Level 6.9 Spellcasting


You couldn't memorise any spells.
You knew the following spells:

 Your Spells              Type           Power      Damage    Failure   Level
a - Foxfire               Conj/Fire      100%       2x1d9     1%          1
b - Scorch                Fire           82%        2d9       1%          2
c - Conjure Flame         Conj/Fire      41%        6-21      2%          3
d - Inner Flame           Hex/Fire       41%        N/A       2%          3
e - Sticky Flame          Conj/Fire      41%        2d6       8%          4
f - Fireball              Conj/Fire      20%        3d10      21%         5
g - Magic Dart            Conj           100%       1d8       1%          1
h - Static Discharge      Conj/Air       41%        N/A       1%          2
i - Swiftness             Air            41%        N/A       2%          3
Your spell library was empty.

Dungeon Overview and Level Annotations

Branches:
Dungeon (5/15)
 Temple: D:4-7

Altars:
Trog
Yredelemnul

Shops:
D:3 (


Innate Abilities, Weirdness & Mutations

You are immune to sickness and miasma.
You are immune to poison.
Your flesh is very heat resistant. (rF++)
You are vulnerable to cold. (rC-)
You float through the air rather than walking.
You learn spells naturally, not from books.
Your magical power is your life essence.
You have superior vitality. (+4 HP)


Message History

Flames lash the gnoll.
The gnoll is severely wounded.
The gnoll's fire resistance burns away.
* * * LOW HITPOINT WARNING * * *
You hear a shout!
The gnoll hits you with a +0 whip.
* * * LOW HITPOINT WARNING * * *
The yak misses you.
You hear a zap.
You hear a grinding noise.
The gnoll is no longer more vulnerable to fire.
An orc comes into view. It is wielding a +0 mace.
The orc shouts!
You hear a shout!
A gnoll comes into view.
It is wielding a +0 flail and carrying a wand of digging (3).
You hear a zap.
Some rock shatters into small pieces.
You feel yourself speed up.
An orc comes into view. It is wielding a +0 whip.
The yak gores you.
* * * LOW HITPOINT WARNING * * *
As you read the scroll labelled JUPPIWK YTOUSO, it crumbles to dust.
It is a scroll of enchant weapon.
Your +3 short sword glows red for a moment.
The orc completely misses you.
As you read the scroll labelled ECUNGU PAIQO, it crumbles to dust.
You feel aware of your surroundings.
It was a scroll of magic mapping.
The yak gores you but does no damage.
As you read the scroll labelled WUOWKE VIRIB, it crumbles to dust.
The scroll dissolves into smoke.
It was a scroll of fog.
The orc hits you with a +0 mace.
* * * LOW HITPOINT WARNING * * *
The yak gores you.
* * * LOW HITPOINT WARNING * * *
As you read the scroll labelled MYODOE XOPUEP, it crumbles to dust.
It is a scroll of amnesia.
You feel forgetful for a moment. The orc hits you with a +0 mace.
* * * LOW HITPOINT WARNING * * *
It was a potion of brilliance.
You feel clever all of a sudden. The yak gores you!
You die...

,,,.....<...# #.......#
,,,Y........# #.......#
,,,w........# #.......#
**,.o.......###########.......#
,,,.........g......†o.........#
**,.####.##############.o.....#
,,,,* #.* *#######..####
,,,,***#,#########§....g.g).#####
,,,,,,,,,...o§oo@Yg.............o
,,,,****,...#######.......#..####
,,,,** *,,,,* #.).....##.#
,,,,,***,,,,* #....)..##.#*
,,,,,+,,,,,,* #.......##..*
,,,,,***,,,,* ###########.#
,,,,,* *,,,,* *.# ,,,,,* *,,,,*
*.#*# **,,,* *,,,,* *..*#


You could see a yak, a gnoll and 2 orcs.

Vanquished Creatures
  2 yaks (D:5)
  A sky beast (D:5)
  A black bear (D:5)
  An ogre (D:4)
  A scorpion (D:4)
  A gnoll shaman (D:5)
  A centaur skeleton (D:5)
  An orc priest (D:3)
  3 hounds
  A killer bee zombie (D:4)
  A gnoll (D:5)
  7 adders
  A white imp (D:5)
  An ufetubus (D:4)
  A worm (D:2)
  2 dart slugs
  12 orcs
  11 endoplasms
  3 giant cockroaches
  6 goblins
  8 hobgoblins
  4 jackals
  10 kobolds
  2 quokkas
  4 ball pythons
  8 bats
  6 frilled lizards
  3 rats
103 creatures vanquished.

Vanquished Creatures (collateral kills)
  3 foxfires (D:1)
3 creatures vanquished.

Vanquished Creatures (others)
  224 foxfires
  3 plants (D:1)
227 creatures vanquished.

Grand Total: 333 creatures vanquished

Notes
Turn   | Place    | Note
-------+----------+-------------------------------------------
     0 | D:1      | robertstho the Djinni Fire Elementalist began the quest for
                  | the Orb.
     0 | D:1      | Reached XP level 1. HP: 15/15 MP: 0/0
   307 | D:1      | Reached XP level 2. HP: 17/21 MP: 0/0
   648 | D:1      | Reached skill level 3 in Spellcasting
  1056 | D:1      | Reached XP level 3. HP: 23/25 MP: 0/0
  1056 | D:1      | Learned a level 1 spell: Magic Dart
  1915 | D:2      | Reached XP level 4. HP: 24/31 MP: 0/0
  2417 | D:2      | Reached skill level 1 in Fighting
  3303 | D:3      | Found Ewusoakh's Weapon Shoppe.
  3398 | D:3      | Found a basalt altar of Yredelemnul.
  3411 | D:3      | Reached XP level 5. HP: 28/37 MP: 0/0
  3411 | D:3      | Learned a level 2 spell: Static Discharge
  3710 | D:3      | Reached skill level 4 in Spellcasting
  4116 | D:3      | You are sucked into a shaft and drop 1 floor!
  4133 | D:4      | Reached XP level 6. HP: 13/42 MP: 0/0
  4231 | D:4      | Noticed an ogre
  4339 | D:4      | Killed an ogre
  4705 | D:4      | Reached skill level 5 in Spellcasting
  5014 | D:4      | Reached XP level 7. HP: 37/48 MP: 0/0
  5014 | D:4      | Learned a level 3 spell: Swiftness
  5261 | D:4      | Found a bloodstained altar of Trog.
  5973 | D:5      | Entered Level 5 of the Dungeon
  6344 | D:5      | Reached skill level 6 in Spellcasting
  6430 | D:5      | Noticed a yak
  6430 | D:5      | Noticed a yak
  6433 | D:5      | Noticed a yak
  6433 | D:5      | Noticed a yak
  6446 | D:5      | Killed a yak
  6447 | D:5      | Reached XP level 8. HP: 42/55 MP: 0/0
  6464 | D:5      | Killed a yak
  6467 | D:5      | HP: 2/56 [orc (1)]
  6538 | D:5      | Mangled by a yak

Illustrated notes

Levels and vault maps discovered:
D:1:      evilmike_arrival_plus, layout_basic, lexackson_kobold_supper
D:2:      layout_basic
D:3:      layout_loops_cross, amcnicky_altar_gilded, serial_shops, shop
D:4:      layout_basic, trog_book, kennysheep_opposing_triangles
D:5:      layout_basic

Skill      XL: |  1  2  3  4  5  6  7  8 |
---------------+-------------------------+-----
Spellcasting   | 3 4 5 6 |  6.9
Fighting       | 1 2 3 |  3.0
Stealth        | 2 |  2.0
Short Blades   | |  0.6
Dodging        | |  2.4

Action                   |  1- 3 |  4- 6 |  7- 9 || total
-------------------------+-------+-------+-------++-------
Melee: Short sword       |     2 |    27 |       ||    29
 Cast: Foxfire           |    88 |    46 |     9 ||   143
       Scorch            |       |    46 |    40 ||    86
       Sticky Flame      |       |       |     3 ||     3
  Use: Scroll            |       |       |     9 ||     9
       Potion            |       |       |     6 ||     6
Armor: Robe              |     3 |    18 |    10 ||    31
Dodge: Dodged            |     5 |    33 |    24 ||    62

Table legend: (Time is in decaauts)
 A = Elapsed time spent in this place.
 B = Non-inter-level travel time spent in this place.
 C = Inter-level travel time spent in this place.
 D = Time resting spent in this place.
 E = Time spent auto-exploring this place.
 F = Levels seen in this place.
 G = Mean time per level.
                   A        B        C        D        E       F      G
               +--------+--------+--------+--------+--------+-----+--------+
         Total |   6538 |   6370 |    168 |    219 |   5490 |   5 | 1307.6 |
       Dungeon |   6538 |   6370 |    168 |    219 |   5490 |   5 | 1307.6 |
               +--------+--------+--------+--------+--------+-----+--------+

Top non-repeatable levels by time:
     D:1: 1771 daAuts
     D:4: 1525 daAuts
     D:2: 1397 daAuts
     D:3: 1281 daAuts
     D:5: 563 daAuts
